Map: Lerilak Crest

Players

swollenfinga

  • Race: Terran Terran
  • League: Silver

Deagor - Winner!

  • Race: Protoss Protoss
  • League: Silver

VOD

Have the link to the VOD?

Description

Time

  • Played on: Aug. 23, 2015, 11:49 a.m.
  • Length: 4:22
Show
View Real Time Build Order
Export as new Build Order

swollenfinga Terran 

Build Orders:  

Get SALT Encoding   

  12  0:01  SCV  
  13  0:13  SCV  
  14  0:18  Supply Depot  
  14  0:25  SCV  
  15  0:39  SCV  
  15  0:42  Barracks  
  16  0:52  SCV  
  17  1:02  Barracks  
  17  1:08  Barracks  
  17  1:10  SCV  
  18  1:22  SCV  
  19  1:37  Barracks  
  19  1:39  Marine  
  21  1:48  Barracks  
  21  1:52  Orbital Command  
  20  1:57  Marine x2  
  22  2:06  Supply Depot  
  22  2:27  Marine  
  22  2:28  Marine x2  
  25  2:34  Marine x2  
  27  2:38  SCV  
  28  2:44  Refinery  
  28  2:45  Marine  
  28  2:46  Marine  
  28  2:48  Marine  
  31  3:13  Marine  
  31  3:27  Marine  
  31  3:50  Bunker, Marine  
  31  3:53  Marine  
  31  3:54  Marine  
  31  3:55  Marine  
  31  3:57  Marine  
Show
View Real Time Build Order
Export as new Build Order

Deagor Protoss - Winner!

Build Orders:  

Get SALT Encoding   

  12  0:01  Probe  
  13  0:16  Pylon  
  13  0:17  Probe  
  14  0:36  Gateway  
  14  0:43  Probe  
  15  0:51  Assimilator  
  15  0:55  Assimilator  
  15  0:57  Probe  
  16  1:09  Probe  
  17  1:21  Probe  
  17  1:24  Cybernetics Core  
  18  1:27  Pylon  
  18  1:33  Probe  
  22  1:47  Probe  
  22  1:48  Warp Gate  
  22  1:59  Probe  
  23  2:07  Stalker  
  23  2:11  Mothership Core  
  24  2:33  Probe  
  24  2:34  Gateway  
  24  2:35  Gateway  
  25  2:39  Gateway  
  25  2:45  Probe  
  25  2:46  Sentry  
  28  2:52  Pylon  
  28  3:23  Zealot x2  
  32  3:54  Zealot  
  32  3:55  Zealot  
  34  4:02  Stalker  
  32  4:03  Stalker  
  34  4:18  Stalker  
  34  4:19  Stalker  
Tags
 
Add a new tag
Caveats
  • Supply blocks, unpowered buildings, or Contaminate may cause inaccurate times.
  • Supply counts are checked every 10 seconds.